 Dungeon Crawl Stone Soup version 0.31.0-12-g77e489cdc1 (webtiles) character file.

Game seed: 5866478565590466967

569 Ekphrasis the Chopper (level 7, -5/54 HPs)
             Began as a Human Chaos Knight on Feb 26, 2024.
             Was a Plaything of Xom.
             Slain by an iguana (10 damage)
             ... on level 5 of the Dungeon.
             The game lasted 00:14:48 (4230 turns).

Ekphrasis the Chopper (Human Chaos Knight)          Turns: 4230, Time: 00:14:49

Health: -5/54      AC: 12    Str: 18      XL:     7   Next: 33%
Magic:  7/7        EV:  8    Int: 22      God:    Xom [.....*]
Gold:   730        SH:  0    Dex:  9 (12) Spells: 6/6 levels left

rFire   x . .        k - +1 hand axe "Unoyrr" {flame, Will++ Int+2}
rCold   . . .        (no shield)
rNeg    . . .        d - +3 chain mail of Ockes {rF- Int+5 Slay+2}
rPois   +            (no helmet)
rElec   .            (no cloak)
rCorr   .            (no gloves)
SInv    .            (no boots)
Will    ++...        (no amulet) Stlth
                     i - +6 ring of strength
HPRegen 0.29/turn    q - ring of poison resistance
MPRegen 0.10/turn

%: no passive effects
@: no status effects
A: explore regen
a: Renounce Religion


You were on level 5 of the Dungeon.
You worshipped Xom.
You were Xom's teddy bear.
You visited 1 branch of the dungeon, and saw 5 of its levels.

You collected 1045 gold pieces.
You spent 315 gold pieces at shops.

Inventory:

Hand Weapons
 k - the +1 hand axe "Unoyrr" (weapon) {flame, Will++ Int+2}
   (You found it on level 3 of the Dungeon)

   Int+2:     It affects your intelligence (+2).
   Will++:    It greatly increases your willpower.
Armour
 d - the +3 chain mail of Ockes (worn) {rF- Int+5 Slay+2}
   (You took it off a kobold on level 4 of the Dungeon)

   Int+5:     It affects your intelligence (+5).
   Slay+2:    It affects your accuracy & damage with ranged weapons and melee
   (+2).
   rF-:       It makes you vulnerable to fire.
Jewellery
 i - a +6 ring of strength (left hand)
 q - a ring of poison resistance (right hand)
Talismans
 e - a flux talisman
Wands
 j - a wand of flame (4)
Scrolls
 g - a scroll of revelation
 l - a scroll of noise
 m - a scroll of poison
 n - a scroll of torment
 p - a scroll of immolation
Potions
 a - a potion of might
 b - a potion of lignification {unknown}
 c - 2 potions of cancellation
 f - 2 potions of enlightenment
 h - a potion of magic
 o - a potion of attraction
 s - a potion of haste


   Skills:
 * Level 4.1 Fighting
 * Level 5.3 Axes
 * Level 0.6 Throwing
 * Level 3.1 Armour
 * Level 3.1 Dodging
 * Level 1.9 Stealth
 * Level 1.2 Evocations
 * Level 1.7 Shapeshifting


You had 6 spell levels left.
You didn't know any spells.
Your spell library was empty.

Dungeon Overview and Level Annotations

Branches:
Dungeon (5/15)             Temple (0/1) D:4

Altars:
Cheibriados
Fedhas
Gozag
Xom
Zin

Shops:
D:5 **


Innate Abilities, Weirdness & Mutations

You regain HP and MP as you explore.


Message History

You hit Ijyb. You burn Ijyb.
Ijyb is heavily wounded.
Ijyb zaps a wand.
The puff of flame hits you but does no damage.
You hit Ijyb. You burn Ijyb.
Ijyb is severely wounded.
You hit Ijyb. You burn Ijyb.
You kill Ijyb!
An iguana comes into view.
j - a wand of flame (4);
t - 2 curare-tipped darts (gained 1)
Things that are here:
a +6 club; a +0 leather armour The iguana hisses angrily.
Things that are here:
a +6 club; a +0 leather armour
Okay, then.
Throw: 2 darts (curare)
Press: ? - help, Q - select action, (/) - cycle Shift-Dir - straight line, f - iguana
Aim: an iguana (60% to hit)
You throw a curare-tipped dart.
The curare-tipped dart closely misses the iguana.
Throw: dart (curare)
Press: ? - help, Q - select action, (/) - cycle Shift-Dir - straight line, f/p - iguana
Aim: an iguana (60% to hit)
You throw a curare-tipped dart.
The curare-tipped dart barely misses the iguana.
Unknown command.
You hit the iguana. You burn the iguana.
The iguana is heavily wounded.
The iguana bites you!
* * * LOW HITPOINT WARNING * * *
You barely miss the iguana.
The iguana is heavily wounded.
The iguana bites you but does no damage.
You hit the iguana. You burn the iguana.
The iguana is heavily wounded.
The iguana bites you!
* * * LOW HITPOINT WARNING * * *
The iguana bites you!
You die...

####..##..............
. ##...##............
. #..###........## ..#
#...#..##...###
....#......#⌠...⌠#
..........##∩...∩#
.........##⌠...⌠#
.....>...###...##
.....##.(....).@#
#.......#....l#
...#....###........
........## #.........
##....... #...........
....................(.
.(......####..........
........# #........(.
#.......#


You could see an iguana.

Vanquished Creatures
  A scorpion (D:4)
  A hound (D:4)
  A bombardier beetle (D:3)
  Jessica (D:2)
  2 iguanas (D:5)
  Ijyb (D:5)
  Natasha (thrice) (D:2)
  2 orc wizards (D:4)
  Robin (D:2)
  5 adders
  4 gnolls (D:3)
  2 dart slugs
  A ribbon worm (D:4)
  9 orcs
  9 ball pythons
  7 bats
  15 endoplasms
  2 giant cockroaches
  18 goblins
  6 hobgoblins
  8 jackals (D:1)
  5 kobolds
  5 quokkas
  A frilled lizard (shapeshifter) (D:4)
  5 frilled lizards
  7 rats
122 creatures vanquished.

Notes
Turn   | Place    | Note
-------+----------+-------------------------------------------
     0 | D:1      | Ekphrasis the Human Chaos Knight began the quest for the
                  | Orb.
     0 | D:1      | Reached XP level 1. HP: 18/18 MP: 1/1
   116 | D:1      | Reached XP level 2. HP: 24/24 MP: 2/2
   261 | D:1      | Reached XP level 3. HP: 29/29 MP: 3/3
   440 | D:1      | Found a faded altar of an unknown god.
   829 | D:2      | Noticed Natasha
   856 | D:2      | Killed Natasha
   857 | D:2      | Reached XP level 4. HP: 8/35 MP: 4/4
   869 | D:2      | Noticed Natasha
   875 | D:2      | Killed Natasha
   876 | D:2      | Reached skill level 4 in Axes
  1192 | D:2      | XOM: divination: detect items
  1274 | D:2      | XOM: divination: detect items
  1309 | D:2      | Noticed Robin
  1311 | D:2      | Noticed Natasha
  1321 | D:2      | Reached XP level 5. HP: 38/41 MP: 5/5
  1336 | D:2      | XOM: silly message
  1342 | D:2      | Killed Natasha
  1343 | D:2      | Reached skill level 1 in Stealth
  1345 | D:2      | Killed Robin
  1346 | D:2      | Reached skill level 1 in Shapeshifting
  1376 | D:2      | XOM: silly message
  1435 | D:2      | Noticed Jessica
  1440 | D:2      | Killed Jessica
  1911 | D:3      | XOM: god gift: shiny bone wand {god gift}
  1941 | D:3      | XOM: god gift: 727 gold pieces
  2007 | D:3      | XOM: god gift: fuming pink potion {god gift}
  2081 | D:3      | Identified the +1 hand axe "Unoyrr" {flame, Will++ Int+2}
  2348 | D:3      | Reached XP level 6. HP: 44/48 MP: 6/6
  2720 | D:3      | XOM: summons 3 hostile demons
  3003 | D:3      | Found a snail-covered altar of Cheibriados.
  3176 | D:4      | a bullfrog changed into a glowing shapeshifter
  3176 | D:4      | Noticed a glowing shapeshifter (glowing shapeshifter)
  3176 | D:4      | XOM: polymorph bullfrog -> glowing shapeshifter
  3176 | D:4      | a glowing shapeshifter changed into an iguana
  3284 | D:4      | Found a staircase to the Ecumenical Temple.
  3284 | D:4      | XOM: 2-stop teleportation journey
  3288 | D:4      | XOM: confuse monster(s)
  3343 | D:4      | Found a shimmering altar of Xom.
  3435 | D:4      | XOM: scenery: summon butterflies
  3528 | D:4      | Reached skill level 5 in Axes
  3528 | D:4      | Reached skill level 1 in Evocations
  3617 | D:4      | Reached XP level 7. HP: 54/54 MP: 7/7
  3729 | D:4      | Found an opulent altar of Gozag.
  3731 | D:4      | Found a blossoming altar of Fedhas.
  3736 | D:4      | Identified the +3 chain mail of Ockes {rF- Int+5 Slay+2}
  3893 | D:4      | XOM: 6-stop teleportation journey
  3904 | D:4      | Found a glowing silver altar of Zin.
  4121 | D:5      | Entered Level 5 of the Dungeon
  4168 | D:5      | Found Asus's Specific Store.
  4177 | D:5      | Found Guosm's General Store.
  4186 | D:5      | Bought a scroll of torment for 123 gold pieces
  4186 | D:5      | Bought a potion of haste for 130 gold pieces
  4186 | D:5      | Bought 4 curare-tipped darts for 62 gold pieces
  4194 | D:5      | Noticed Ijyb
  4219 | D:5      | Killed Ijyb
  4230 | D:5      | Slain by an iguana

Illustrated notes

Levels and vault maps discovered:
D:1:      lightli_arrival_flooded_house, layout_rooms,
          shapermc_ecumenical_altar_mp_vishouse
D:2:      layout_basic, minmay_misc_feat_tower, kennysheep_jessica_study,
          uniq_robin, uniq_natasha
D:3:      layout_basic, slow_altar_2
D:4:      layout_loops_ring, old_standard_altar, jmf_multi_god_temple,
          kennysheep_little_box, minmay_temple_entry_hall, grunt_ministairs_3,
          serial_park_tiny_2
D:5:      layout_cave_pools, dancing_weapons_uskayaw, nzn_wu_jian_council_hall,
          nicolae_specific_store, uniq_ijyb

Skill      XL: |  1  2  3  4  5  6  7 |
---------------+----------------------+-----
Axes           | 4 5 |  5.3
Dodging        | 2 3 |  3.1
Stealth        | 1 |  1.9
Shapeshifting  | 1 |  1.7
Fighting       | 4 |  4.1
Armour         | 3 |  3.1
Evocations     | 1 |  1.2
Throwing       | |  0.6

Action                     |  1- 3 |  4- 6 |  7- 9 || total
---------------------------+-------+-------+-------++-------
  Melee: Hand axe          |   117 |   218 |    44 ||   379
         Punch             |     2 |     2 |       ||     4
  Throw: Dart              |       |       |     5 ||     5
         Throwing net      |       |       |     1 ||     1
  Evoke: Wand              |       |     3 |       ||     3
    Use: Scroll            |     5 |    10 |     2 ||    17
         Potion            |     3 |     2 |     2 ||     7
   Stab: Sleeping          |     1 |     1 |       ||     2
         Confused          |       |     1 |       ||     1
         Held in net/web   |       |       |     1 ||     1
 Armour: Leather armour    |    70 |   190 |    11 ||   271
         Chain mail        |       |       |    25 ||    25
  Dodge: Dodged            |   103 |   210 |    25 ||   338
